 Dungeon Crawl Stone Soup version 0.30-a0-777-ga9a30cbeda (webtiles) character file.

Game seed: 5671957419697536787

4166 Crownlay the Frost Mage (level 10, -1/74 HPs)
             Began as a Gnoll Ice Elementalist on Feb 15, 2023.
             Was a High Priest of Uskayaw.
             Slain by a boulder beetle (7 damage)
             ... on level 7 of the Dungeon.
             The game lasted 00:28:57 (7479 turns).

Crownlay the Frost Mage (Gnoll Ice Elementalist)    Turns: 7479, Time: 00:28:57

Health: -1/74      AC: 13    Str:  7    XL:     10   Next: 28%
Magic:  3/21       EV: 14    Int: 20    God:    Uskayaw [*****.]
Gold:   327        SH:  0    Dex: 12    Spells: 12/23 levels left

rFire   . . .      SeeInvis .    e - +1 spear (vamp)
rCold   . . .      Faith    .    (no shield)
rNeg    + . .      Spirit   .    a - +0 robe
rPois   .          Reflect  .    g - +0 helmet
rElec   .          Harm     .    (no cloak)
rCorr   .          Rampage  .    (no gloves)
Will    .....                    H - +0 pair of boots
Stlth   +++                      E - amulet of the acrobat
HPRegen 0.32/turn                u - ring of positive energy
MPRegen 0.17/turn                (no ring)

@: mighty, ice-armoured, freezing walls
A: fangs 1, strong nose, distributed training
a: Renounce Religion, Stomp, Line Pass, Grand Finale


You were on level 7 of the Dungeon.
You worshipped Uskayaw.
Uskayaw was noncommittal.
You visited 2 branches of the dungeon, and saw 8 of its levels.
You also visited: Sewer.

You collected 327 gold pieces.

Inventory:

Hand Weapons
 e - a +1 vampiric spear (weapon)
Missiles
 C - a throwing net
Armour
 a - a +0 robe (worn)
 g - a +0 helmet (worn)
 H - a +0 pair of boots (worn)
Jewellery
 u - a ring of positive energy (left hand)
 E - an amulet of the acrobat (around neck)
Wands
 y - a wand of flame (5)
 D - a wand of paralysis (5)
 J - a wand of iceblast (6)
Scrolls
 d - a scroll of brand weapon
 h - 3 scrolls of noise
 l - 7 scrolls of teleportation
 n - 4 scrolls of enchant armour
 q - a scroll of immolation {unknown}
 s - a scroll of magic mapping {unknown}
 v - 2 scrolls of vulnerability {unknown}
 w - a scroll of blinking
 A - a scroll of poison {unknown}
 F - a scroll of fog {unknown}
 I - a scroll of acquirement {unknown}
 K - 2 scrolls of amnesia {unknown}
Potions
 f - 2 potions of haste {unknown}
 i - 2 potions of cancellation {unknown}
 j - a potion of berserk rage {unknown}
 k - 2 potions of flight {unknown}
 m - 2 potions of degeneration {unknown}
 r - a potion of lignification {unknown}
 x - a potion of invisibility
 z - a potion of curing
 B - a potion of resistance {unknown}
 G - a potion of attraction {unknown}


   Skills:
 + Level 5.3 Fighting
 + Level 5.3 Short Blades
 + Level 5.3 Long Blades
 + Level 5.3 Axes
 + Level 5.3 Maces & Flails
 + Level 5.3 Polearms
 + Level 5.3 Staves
 + Level 5.3 Ranged Weapons
 + Level 5.3 Throwing
 + Level 5.3 Armour
 + Level 7.1 Dodging
 + Level 6.8 Stealth
 + Level 5.3 Shields
 + Level 5.3 Unarmed Combat
 + Level 7.4 Spellcasting
 + Level 4.4 Conjurations
 + Level 4.4 Hexes
 + Level 4.4 Summonings
 + Level 4.4 Necromancy
 + Level 4.4 Translocations
 + Level 4.4 Transmutations
 + Level 4.4 Fire Magic
 + Level 8.4 Ice Magic
 + Level 4.4 Air Magic
 + Level 4.4 Earth Magic
 + Level 4.4 Poison Magic
 + Level 5.8 Invocations
 + Level 5.3 Evocations


You had 12 spell levels left.
You knew the following spells:

 Your Spells              Type           Power      Damage    Failure   Level
a - Freeze                Ice            100%       1d10      1%          1
b - Frozen Ramparts       Ice            82%        1d13      1%          3
c - Ozocubu's Armour      Ice            41%        N/A       1%          3
d - Summon Ice Beast      Ice/Summ       33%        N/A       6%          4

Your spell library contained the following spells:

 Spells                   Type           Power      Damage    Failure   Level
 Shock                    Conj/Air       100%       1d9       1%          1
 Ensorcelled Hibernation  Hex/Ice        66%        N/A       1%          2
 Passwall                 Tmut/Erth      20%        N/A       2%          2
 Spider Form              Tmut/Pois      25%        N/A       4%          3
 Stone Arrow              Conj/Erth      50%        3d10      4%          3
 Summon Guardian Golem    Hex/Summ       25%        N/A       4%          3
 Swiftness                Air            25%        N/A       4%          3
 Airstrike                Air            12%        2d(2-18)  14%         4
 Anguish                  Hex/Necr       12%        N/A       14%         4
 Animate Armour           Summ/Erth      50%        N/A       14%         4
 Orb of Destruction       Conj           12%        9d7       100%        7
 Spellforged Servitor     Conj/Summ      12%        N/A       100%        7
 Lehudib's Crystal Spear  Conj/Erth      12%        10d4      100%        8


Dungeon Overview and Level Annotations

Branches:
Dungeon (7/15)             Temple (1/1) D:5           Sewer (visited)

Altars:
Ashenzari
Cheibriados
Dithmenos
Elyvilon
Fedhas
Hepliaklqana
Kikubaaqudgha
Makhleb
Okawaru
Qazlal
Sif Muna
Trog
Uskayaw
Vehumet
Wu Jian
Yredelemnul
Zin
The Shining One

Annotations:
D:7 Dowan


Innate Abilities, Weirdness & Mutations

You have very sharp teeth.
Your uncanny sense of smell can sniff out nearby items.
Your experience applies equally to all skills.


Message History

You freeze the boulder beetle!
The boulder beetle is severely wounded.
The wall freezes the boulder beetle but does no damage.
The boulder beetle bites you but does no damage.
The wall freezes the sky beast!
Casting: Freeze (safe; 1% risk of failure)
Confirm with . or Enter, or press ? or * to list all spells.
Aiming: Freeze (safe; 1% risk of failure)
Press: ? - help, Shift-Dir - straight line, f/p - boulder beetle
Aim: a boulder beetle (severely wounded)
You freeze the boulder beetle!
The boulder beetle is almost dead.
The wall freezes the boulder beetle but does no damage.
The boulder beetle bites you!!
* * * LOW HITPOINT WARNING * * *
The wall freezes the sky beast!
You kill the sky beast!
You feel better.
The wall freezes the boulder beetle.
The boulder beetle bites you.
* * * LOW HITPOINT WARNING * * *
Reach: e) +1 spear (vamp)
Press: ? - help, Dir - move target, f/p - boulder beetle
Aim: a boulder beetle (almost dead, about 9% to evade your +1 vampiric spear)
You hit the boulder beetle but do no damage.
You bite the boulder beetle.
The boulder beetle is almost dead.
The wall freezes the boulder beetle but does no damage.
The boulder beetle bites you.
* * * LOW HITPOINT WARNING * * *
Okay, then.
Casting: Freeze (safe; 1% risk of failure)
Confirm with . or Enter, or press ? or * to list all spells.
Aiming: Freeze (safe; 1% risk of failure)
Press: ? - help, Shift-Dir - straight line, f/p - boulder beetle
Aim: a boulder beetle (almost dead)
You freeze the boulder beetle.
The boulder beetle is almost dead.
The wall freezes the boulder beetle but does no damage.
The boulder beetle bites you!
You die...

..#......#. ∆ #.l#∆ ∆ #[#.#.
.........#.. ..# ∆ #.#.#)
.........#..#######..# #.#..#
.......#.##..#.#.#..# #######.#..
...####...##......°# #..##.###.##
...........##.....###..##...###..
...........###)####..##..8..####
.#######...#..B###..##.......# #
##..#..#@.#.##..#####.###
#..###$##..#$...../#....
##.#..#..#)#####..##.#.#
#.###...#.......##..##. ..
#.########..8..##..#### ...
#........##...##..##... ...#
##..#.##..##.##?.##.... ...#
#....###..#######..... #..##
##..##................


You could see a boulder beetle.

Vanquished Creatures
  A manticore (D:7)
  Prince Ribbit (D:6)
  Grinder (D:3)
  A wraith (D:7)
  A shadow (D:7)
  A steam dragon (D:6)
  A basilisk (D:7)
  Menkaure (D:6)
  Duvessa (D:7)
  A water moccasin (D:7)
  2 orc warriors (D:7)
  A black bear (D:7)
  2 ice beasts
  2 sky beasts (D:7)
  An ogre (D:4)
  3 centaurs
  A kobold brigand (D:7)
  3 bullfrogs
  2 necrophages (D:5)
  2 scorpions
  A gnoll sergeant (D:7)
  A wight (D:7)
  A vampire bat (D:3)
  2 howler monkeys (D:7)
  4 hounds
  3 jellies
  2 gnoll boudas
  4 iguanas
  4 orc wizards
  A hell rat (Sewer)
  Robin (D:2)
  5 adders
  8 gnolls
  A river rat (Sewer)
  A shadow imp (D:7)
  4 worms
  A dart slug (D:4)
  20 orcs
  9 ball pythons
  9 bats
  5 endoplasms
  5 giant cockroaches
  14 goblins
  14 hobgoblins
  2 jackals (D:3)
  11 kobolds
  7 quokkas
  2 frilled lizards
  13 rats
184 creatures vanquished.

Vanquished Creatures (others)
  An orc wizard (D:7)
1 creature vanquished.

Grand Total: 185 creatures vanquished

Notes
Turn   | Place    | Note
-------+----------+-------------------------------------------
     0 | D:1      | Crownlay the Gnoll Ice Elementalist began the quest for the
                  | Orb.
     0 | D:1      | Reached XP level 1. HP: 13/13 MP: 6/6
   120 | D:1      | Reached XP level 2. HP: 19/19 MP: 4/7
   692 | D:1      | Reached skill level 5 in Spellcasting
   692 | D:1      | Reached XP level 3. HP: 25/25 MP: 6/9
   696 | D:1      | Learned a level 3 spell: Frozen Ramparts
   700 | D:1      | Learned a level 3 spell: Ozocubu's Armour
  1220 | D:1      | Reached skill level 1 in Invocations
  1387 | D:2      | Reached skill level 1 in Fighting
  1387 | D:2      | Reached skill level 1 in Short Blades
  1387 | D:2      | Reached skill level 1 in Long Blades
  1387 | D:2      | Reached skill level 1 in Axes
  1387 | D:2      | Reached skill level 1 in Maces & Flails
  1387 | D:2      | Reached skill level 1 in Polearms
  1387 | D:2      | Reached skill level 1 in Staves
  1387 | D:2      | Reached skill level 1 in Ranged Weapons
  1387 | D:2      | Reached skill level 1 in Throwing
  1387 | D:2      | Reached skill level 1 in Armour
  1387 | D:2      | Reached skill level 1 in Shields
  1387 | D:2      | Reached skill level 1 in Unarmed Combat
  1387 | D:2      | Reached skill level 1 in Evocations
  1529 | D:2      | Reached XP level 4. HP: 29/32 MP: 8/11
  1575 | D:2      | Noticed Robin
  1589 | D:2      | Killed Robin
  1590 | D:2      | Reached skill level 1 in Conjurations
  1590 | D:2      | Reached skill level 1 in Hexes
  1590 | D:2      | Reached skill level 1 in Summonings
  1590 | D:2      | Reached skill level 1 in Necromancy
  1590 | D:2      | Reached skill level 1 in Translocations
  1590 | D:2      | Reached skill level 1 in Transmutations
  1590 | D:2      | Reached skill level 1 in Fire Magic
  1590 | D:2      | Reached skill level 1 in Air Magic
  1590 | D:2      | Reached skill level 1 in Earth Magic
  1590 | D:2      | Reached skill level 1 in Poison Magic
  2294 | D:3      | Reached XP level 5. HP: 36/37 MP: 6/12
  2468 | D:3      | Noticed Grinder
  2484 | D:3      | Paralysed by Grinder for 3 turns
  2490 | D:3      | Paralysed by Grinder for 3 turns
  2495 | D:3      | Killed Grinder
  2496 | D:3      | Reached skill level 5 in Dodging
  2496 | D:3      | Reached XP level 6. HP: 26/44 MP: 3/14
  3160 | D:3      | Identified the +1 ring mail of Plasticity {Contam rCorr
                  | Slay+2}
  3466 | D:4      | Reached XP level 7. HP: 50/51 MP: 6/15
  3487 | D:4      | Found a radiant altar of Vehumet.
  3739 | D:4      | Found a glowing drain.
  3750 | D:4      | Reached skill level 5 in Stealth
  3769 | Sewer    | Entered a sewer
  4327 | D:5      | Entered Level 5 of the Dungeon
  4528 | D:5      | Found a staircase to the Ecumenical Temple.
  4534 | Temple   | Entered the Ecumenical Temple
  4686 | Temple   | Became a worshipper of Uskayaw the Reveller
  4770 | D:5      | Reached * piety under Uskayaw
  4776 | D:5      | Reached ** piety under Uskayaw
  4884 | D:5      | Reached XP level 8. HP: 33/56 MP: 16/16
  5612 | D:6      | Reached *** piety under Uskayaw
  5614 | D:6      | Reached **** piety under Uskayaw
  5710 | D:6      | Noticed Prince Ribbit
  5743 | D:6      | Killed Prince Ribbit
  6097 | D:6      | Noticed Menkaure
  6109 | D:6      | Killed Menkaure
  6110 | D:6      | Reached XP level 9. HP: 38/65 MP: 11/18
  6629 | D:7      | Reached skill level 8 in Ice Magic
  6665 | D:7      | Noticed Duvessa
  6670 | D:7      | Noticed Dowan
  6821 | D:7      | Killed Duvessa
  6834 | D:7      | Reached ***** piety under Uskayaw
  6859 | D:7      | Reached skill level 5 in Invocations
  6972 | D:7      | Noticed a manticore
  6984 | D:7      | Killed a manticore
  7019 | D:7      | Noticed a boulder beetle
  7029 | D:7      | Reached skill level 5 in Fighting
  7029 | D:7      | Reached skill level 5 in Short Blades
  7029 | D:7      | Reached skill level 5 in Long Blades
  7029 | D:7      | Reached skill level 5 in Axes
  7029 | D:7      | Reached skill level 5 in Maces & Flails
  7029 | D:7      | Reached skill level 5 in Polearms
  7029 | D:7      | Reached skill level 5 in Staves
  7029 | D:7      | Reached skill level 5 in Ranged Weapons
  7029 | D:7      | Reached skill level 5 in Throwing
  7029 | D:7      | Reached skill level 5 in Armour
  7029 | D:7      | Reached skill level 5 in Shields
  7029 | D:7      | Reached skill level 5 in Unarmed Combat
  7029 | D:7      | Reached skill level 5 in Evocations
  7029 | D:7      | Reached XP level 10. HP: 32/74 MP: 3/20
  7053 | D:7      | Learned a level 4 spell: Summon Ice Beast
  7063 | D:7      | Noticed a manticore
  7070 | D:7      | HP: 2/74 [manticore (3)]
  7457 | D:7      | Identified the +8 spear "Ocauk" {heavy, rN+ Str+3}
  7479 | D:7      | Slain by a boulder beetle

Illustrated notes

Levels and vault maps discovered:
D:1:      wander_arrival_chamber, layout_basic, serial_glass, glass_columns_b,
          glass_columns_a, minmay_crystal_water
D:2:      layout_loops_cross, serial_glass, glass_columns_a, glass_columns_b,
          columned_hall_lemuel, uniq_robin
D:3:      layout_loops_corners, roderic_batcave, uniq_grinder
D:4:      layout_rooms, vehumet_altar_wand_db, portal_sewer_entry_f,
          minmay_stone_trees_large
D:5:      layout_rooms, minmay_temple_entry_fiery, grunt_decor_arrowhead
D:6:      layout_basic, uniq_menkaure, uniq_prince_ribbit1
D:7:      minmay_the_grid_octo_tiled_squarecenter
          [minmay_the_grid_octo_concentric, minmay_the_grid_octo_77,
          minmay_the_grid_octo_chip, minmay_the_grid_octo_horde,
          minmay_the_grid_square_5x5_megaprize_checkered,
          minmay_the_grid_square_5x5_doubleslash,
          minmay_the_grid_square_5x5_hourglass,
          minmay_the_grid_square_5x5_slash,
          minmay_the_grid_square_5x5_checkered], layout_layer_cave,
          enter_bailey_3, minivault_1, nicolae_fountain_basement, uniq_duvessa
Temple:   nicolae_temple_slightly_damp_pantheon

Skill      XL: |  1  2  3  4  5  6  7  8  9 10 |
---------------+-------------------------------+-----
Spellcasting   | 5 6 7 |  7.4
Invocations    | 1 2 3 4 5 |  5.8
Fighting       | 1 2 3 4 5 |  5.3
Short Blades   | 1 2 3 4 5 |  5.3
Long Blades    | 1 2 3 4 5 |  5.3
Axes           | 1 2 3 4 5 |  5.3
Maces & Flails | 1 2 3 4 5 |  5.3
Polearms       | 1 2 3 4 5 |  5.3
Staves         | 1 2 3 4 5 |  5.3
Ranged Weapons | 1 2 3 4 5 |  5.3
Throwing       | 1 2 3 4 5 |  5.3
Armour         | 1 2 3 4 5 |  5.3
Shields        | 1 2 3 4 5 |  5.3
Unarmed Combat | 1 2 3 4 5 |  5.3
Evocations     | 1 2 3 4 5 |  5.3
Conjurations   | 1 2 3 4 |  4.4
Hexes          | 1 2 3 4 |  4.4
Summonings     | 1 2 3 4 |  4.4
Necromancy     | 1 2 3 4 |  4.4
Translocations | 1 2 3 4 |  4.4
Transmutations | 1 2 3 4 |  4.4
Fire Magic     | 1 2 3 4 |  4.4
Air Magic      | 1 2 3 4 |  4.4
Earth Magic    | 1 2 3 4 |  4.4
Poison Magic   | 1 2 3 4 |  4.4
Dodging        | 5 6 7 |  7.1
Stealth        | 5 6 |  6.8
Ice Magic      | 8 |  8.4

Action                     |  1- 3 |  4- 6 |  7- 9 | 10-12 || total
---------------------------+-------+-------+-------+-------++-------
  Melee: Unarmed           |     9 |       |       |       ||     9
         Spear             |     7 |    85 |   367 |    61 ||   520
         Bite              |     1 |    12 |    40 |    11 ||    64
         Punch             |       |     1 |    13 |     1 ||    15
   Cast: Freeze            |    48 |     8 |     2 |     7 ||    65
         Frozen Ramparts   |       |    16 |    36 |    11 ||    63
         Ozocubu's Armour  |       |     4 |    24 |     4 ||    32
         Summon Ice Beast  |       |       |       |     2 ||     2
  Evoke: Wand              |       |       |     1 |     2 ||     3
    Use: Potion            |       |     1 |     6 |     6 ||    13
         Scroll            |       |       |     7 |     2 ||     9
   Stab: Sleeping          |     5 |     4 |     9 |       ||    18
         Paralysed         |       |       |    10 |    10 ||    20
         Distracted        |       |       |     2 |     1 ||     3
         Invisible         |       |       |     1 |       ||     1
 Armour: Robe              |     2 |    15 |    69 |    15 ||   101
  Dodge: Dodged            |    35 |    41 |   186 |    38 ||   300

Table legend: (Time is in decaauts)
 A = Elapsed time spent in this place.
 B = Non-inter-level travel time spent in this place.
 C = Inter-level travel time spent in this place.
 D = Time resting spent in this place.
 E = Time spent auto-exploring this place.
 F = Levels seen in this place.
 G = Mean time per level.
                   A        B        C        D        E       F      G
               +--------+--------+--------+--------+--------+-----+--------+
         Total |   7494 |   7171 |    323 |    195 |   5205 |   9 |  832.7 |
       Dungeon |   7078 |   6769 |    309 |    195 |   4902 |   7 | 1011.1 |
        Temple |    166 |    152 |     14 |      0 |    126 |   1 |  166.0 |
         Sewer |    249 |    249 |      0 |      0 |    177 |   1 |  249.0 |
               +--------+--------+--------+--------+--------+-----+--------+

Top non-repeatable levels by time:
     D:1: 1300 daAuts
     D:6: 1188 daAuts
     D:3: 1185 daAuts
     D:2: 966 daAuts
     D:5: 955 daAuts
     D:7: 836 daAuts
     D:4: 646 daAuts
   Sewer: 249 daAuts
  Temple: 166 daAuts
